 Dungeon Crawl Stone Soup version 0.30-a0-377-g5cb311bc9f (webtiles) character file.

Game seed: 16594820003319269273

3157 sanka the Geomancer (level 10, -1/60 HPs)
             Began as a Kobold Earth Elementalist on Nov 29, 2022.
             Was an Initiate of Vehumet.
             Succumbed to a hornet's poison
             ... while paralysed by a hornet
             ... on level 7 of the Dungeon.
             The game lasted 00:10:50 (7920 turns).

sanka the Geomancer (Kobold Earth Elementalist)     Turns: 7920, Time: 00:10:50

Health: -1/60      AC:  4    Str:  5    XL:     10   Next: 15%
Magic:  9/16       EV:  3    Int: 19    God:    Vehumet [......]
Gold:   313        SH:  0    Dex: 20    Spells: 7/17 levels left

rFire   . . .      SeeInvis .    K - staff of conjuration {!a}
rCold   + . .      Faith    .    (shield currently unavailable)
rNeg    + . .      Spirit   .    a - +0 robe
rPois   .          Reflect  .    (no helmet)
rElec   .          Harm     .    (no cloak)
rCorr   .          Rampage  .    (no gloves)
Will    .....                    w - +0 pair of boots
Stlth   +++.......               (no amulet)
HPRegen 0.30/turn                E - +4 ring of evasion
MPRegen 0.15/turn                s - ring of positive energy

@: paralysed, lethally poisoned (-1 -> -22), slowed
A: small, no large weapons, nightstalker 3, agile 1, cold resistance 1, shaggy
fur 1
a: Renounce Religion


You were on level 7 of the Dungeon.
You worshipped Vehumet.
Vehumet was noncommittal.
You visited 2 branches of the dungeon, and saw 8 of its levels.
You also visited: Sewer.

You collected 313 gold pieces.


Innate Abilities, Weirdness & Mutations

You are small and have problems with some larger weapons.
You are completely attuned to the shadows.
You are agile. (Dex +4, Str/Int -1)
Your flesh is cold resistant. (rC+)
You are covered in fur. (AC +1)


   Skills:
 - Level 6.0 Fighting
 - Level 8.0 Dodging
 - Level 2.6 Stealth
 + Level 4.4 Spellcasting
 + Level 5.1 Conjurations
 - Level 2.0 Transmutations
 + Level 8.6 Earth Magic


You had 7 spell levels left.
You knew the following spells:

 Your Spells              Type           Power      Damage    Failure   Level
c - Petrify               Tmut/Erth      24%        N/A       14%         4
x - Stone Arrow           Conj/Erth      90%        3d12      2%          3
z - Sandblast             Erth           74%        2d16      1%          1
N - Passwall              Tmut/Erth      20%        N/A       2%          2

Your spell library contained the following spells:

 Spells                   Type           Power      Damage    Failure   Level
 Dazzling Flash           Conj/Hex       42%        N/A       14%         3
 Cause Fear               Hex            2%         N/A       78%         4
 Agony                    Necr           4%         N/A       98%         5
 Silence                  Hex/Air        2%         N/A       98%         5
 Dragon Form              Tmut           5%         N/A       100%        7
 Dragon's Call            Summ           2%         N/A       100%        9

Inventory:

Hand Weapons
 j - a +0 dagger
 k - a +0 rapier
 M - a +5 short sword
Armour
 a - a +0 robe (worn)
 w - a +0 pair of boots (worn)
 x - a +3 ring mail
Magical Staves
 K - a staff of conjuration (weapon) {!a}
Jewellery
 s - a ring of positive energy (right hand)
 E - a +4 ring of evasion (left hand)
Wands
 y - a wand of polymorph (8)
 I - a wand of flame (17)
 L - a wand of light (9)
Scrolls
 c - 2 scrolls of vulnerability {unknown}
 d - 5 scrolls of immolation {unknown}
 e - a scroll of acquirement {unknown}
 f - 3 scrolls of amnesia {unknown}
 g - 3 scrolls of teleportation {unknown}
 h - 9 scrolls of identify {unknown}
 i - 6 scrolls of enchant armour {unknown}
 m - 4 scrolls of magic mapping {unknown}
 o - a scroll of poison {unknown}
 q - 4 scrolls of fear {unknown}
 u - a scroll of noise {unknown}
 A - a scroll of silence {unknown}
 D - 4 scrolls of fog {unknown}
 H - a scroll of enchant weapon {unknown}
Potions
 b - 3 potions of magic
 l - a potion of berserk rage {unknown}
 n - 4 potions of flight
 p - a potion of haste {unknown}
 r - a potion of attraction {unknown}
 t - 2 potions of invisibility {unknown}
 v - 4 potions of heal wounds {@q2}
 z - 3 potions of mutation {!q}
 B - a potion of curing {unknown}
 C - a potion of ambrosia
 F - 2 potions of might {unknown}
 G - a potion of degeneration {unknown}
 J - a potion of brilliance {unknown}

Dungeon Overview and Level Annotations

Branches:
Dungeon (7/15)             Temple (1/1) D:6           Sewer (visited)

Altars:
Elyvilon
Fedhas
Gozag
Hepliaklqana
Kikubaaqudgha
Makhleb
Nemelex Xobeh
Okawaru
Ru
Sif Muna
Trog
Uskayaw
Vehumet
Wu Jian
Yredelemnul
Zin
Ignis

Shops:
D:6

[ Z8.. .... ..... ...
▒▒▒...... .)▒
..▒▒▒▒▒(...▒▒▒.▒▒>.▒
..▒...▒...▒..▒.)y..▒
.........▒......K.▒
▒........▒......▒▒▒
..................▒▒
<..........▒▒▒▒▒...▒▒
...[.......▒ ▒▒▒..▒
..<........▒▒▒▒▒▒▒..▒▒▒
........>.....▒▒......▒
..............▒▒......▒
▒▒▒▒▒'▒▒...[......†...▒


You could see a hornet.


Message History

The blast of sand hits the hornet but does no damage.
The hornet misses you. The hornet misses you. The hornet stings you!
You are poisoned.
You feel as though you will be slow longer.
The blast of sand hits the hornet.
The hornet is lightly wounded.
You feel very sick. The hornet stings you.
You are more poisoned.
You feel as though you will be slow longer.
The hornet stings you!
* * * LOW HITPOINT WARNING * * *
You feel as though you will be slow longer.
The hornet completely misses you. The hornet stings you!
* * * LOW HITPOINT WARNING * * *
You feel as though you will be slow longer.
The blast of sand hits the hornet.
The hornet is lightly wounded.
* * * LOW HITPOINT WARNING * * *
You feel extremely sick. The hornet misses you.
The hornet completely misses you. The hornet stings you.
* * * LOW HITPOINT WARNING * * *
You are more poisoned.
You suddenly lose the ability to move!
You die...

Action                   |  1- 3 |  4- 6 |  7- 9 | 10-12 || total
-------------------------+-------+-------+-------+-------++-------
Melee: Unarmed           |     9 |       |       |       ||     9
       Rapier            |       |    13 |       |       ||    13
 Cast: Sandblast         |    39 |   107 |   147 |    17 ||   310
       Stone Arrow       |       |       |     5 |       ||     5
  Use: Potion            |       |       |     4 |       ||     4
 Stab: Sleeping          |       |     1 |       |       ||     1
Armor: Robe              |     3 |     5 |     6 |       ||    14
Dodge: Dodged            |     8 |    51 |    52 |    12 ||   123

Levels and vault maps discovered:
D:1:      dpeg_arrival_boxes_within_box, layout_basic
D:2:      layout_basic, hellmonk_ecumenical_altar_watching_god, st_stairs_11,
          serial_park_tiny_1, minmay_crystal_room
D:3:      layout_basic, serial_co_window_serial, co_window_corner_a,
          co_window_cross_1, co_window_corner_a, co_window_cross_1,
          co_window_paths_a, co_window_corner_b, co_window_cross_3,
          co_window_corner_b, co_window_cross_2, glass_columns_c,
          glass_columns_a
D:4:      layout_basic, mainiacjoe_overflow_paths, makhleb_blood_cavern_becter
D:5:      layout_basic, nicolae_ru_path_of_blood, portal_sewer_entry_b,
          uniq_grinder
D:6:      layout_basic, general_overflow_altar, minmay_temple_entry_fiery,
          serial_shops, nicolae_stop_n_shop_1, small_statue_intersection
D:7:      layout_cave_pools, mainiacjoe_overflow_brackets,
          mainiacjoe_overflow_24_doors, serial_undead, serial_undead_b,
          serial_undead_a, serial_undead_a, serial_undead_c, serial_undead_d,
          serial_undead_a, minmay_misc_feat_ornament,
          minmay_misc_feat_secret_circle, nicolae_zen_rock_garden,
          hangedman_decor_lopped, minmay_misc_feat_five, uniq_pikel, uniq_maggie
Temple:   ebering_untended_altars

Notes
Turn   | Place    | Note
-------+----------+-------------------------------------------
     0 | D:1      | sanka the Kobold Earth Elementalist began the quest for the
                  | Orb.
     0 | D:1      | Reached XP level 1. HP: 10/10 MP: 3/3
   350 | D:1      | Reached XP level 2. HP: 15/15 MP: 1/5
   609 | D:1      | Reached XP level 3. HP: 19/19 MP: 4/6
  1365 | D:2      | Reached skill level 2 in Transmutations
  1413 | D:2      | Learned a level 2 spell: Passwall
  1417 | D:2      | Learned a level 3 spell: Stone Arrow
  1584 | D:2      | Reached XP level 4. HP: 24/24 MP: 4/8
  1588 | D:2      | Reached skill level 3 in Spellcasting
  1797 | D:2      | Noticed an eye of devastation
  1798 | D:2      | Noticed a floating eye
  1807 | D:2      | Found a faded altar of an unknown god.
  1807 | D:2      | Noticed an eye of devastation
  1844 | D:2      | Noticed a floating eye
  2027 | D:2      | Reached skill level 1 in Conjurations
  2355 | D:3      | Reached skill level 4 in Earth Magic
  2850 | D:3      | Reached XP level 5. HP: 28/28 MP: 7/9
  3434 | D:4      | Reached skill level 2 in Conjurations
  3457 | D:4      | Found a burning altar of Makhleb.
  3502 | D:4      | Noticed a black bear
  3505 | D:4      | Killed a black bear
  3506 | D:4      | Reached skill level 3 in Conjurations
  3506 | D:4      | Reached XP level 6. HP: 32/32 MP: 6/10
  3700 | D:4      | Reached skill level 5 in Earth Magic
  3873 | D:4      | Found a hide-covered altar of Uskayaw.
  4115 | D:4      | Learned a level 4 spell: Petrify
  4136 | D:5      | Entered Level 5 of the Dungeon
  4260 | D:5      | Found a glowing drain.
  4350 | Sewer    | Entered a sewer
  4367 | Sewer    | Reached skill level 4 in Conjurations
  4367 | Sewer    | Reached XP level 7. HP: 22/36 MP: 1/11
  4524 | Sewer    | Reached skill level 6 in Earth Magic
  4965 | Sewer    | Gained mutation: You are covered in fur. (AC +1) [potion of
                  | mutation]
  4965 | Sewer    | Gained mutation: You are agile. (Dex +4, Str/Int -1)
                  | [potion of mutation]
  4965 | Sewer    | Gained mutation: Your flesh is cold resistant. (rC+)
                  | [potion of mutation]
  4985 | Sewer    | Reached skill level 7 in Earth Magic
  4985 | Sewer    | Reached XP level 8. HP: 11/41 MP: 5/12
  5190 | D:5      | Noticed Grinder
  5194 | D:5      | Killed Grinder
  5195 | D:5      | Reached skill level 8 in Earth Magic
  5195 | D:5      | Reached skill level 1 in Fighting
  5292 | D:5      | Reached skill level 3 in Dodging
  5481 | D:5      | Reached skill level 2 in Fighting
  5525 | D:5      | Reached skill level 4 in Dodging
  5582 | D:5      | Reached skill level 3 in Fighting
  5729 | D:5      | Found a sacrificial altar of Ru.
  5846 | D:5      | Reached skill level 5 in Dodging
  5846 | D:5      | Reached XP level 9. HP: 52/52 MP: 8/13
  6098 | D:5      | Reached skill level 4 in Fighting
  6440 | D:6      | Reached skill level 6 in Dodging
  6514 | D:6      | Reached skill level 5 in Fighting
  6680 | D:6      | Found Geataafo's Armour Emporium.
  6869 | D:6      | Found a staircase to the Ecumenical Temple.
  6900 | Temple   | Entered the Ecumenical Temple
  7028 | Temple   | Became a worshipper of Vehumet
  7087 | D:6      | Reached skill level 7 in Dodging
  7128 | D:6      | Reached skill level 6 in Fighting
  7313 | D:6      | Found a bloodstained altar of Trog.
  7403 | D:7      | Noticed Pikel
  7408 | D:7      | Killed Pikel
  7409 | D:7      | Reached skill level 8 in Dodging
  7511 | D:7      | Reached XP level 10. HP: 23/60 MP: 9/15
  7747 | D:7      | Reached skill level 4 in Spellcasting
  7808 | D:7      | Reached skill level 5 in Conjurations
  7919 | D:7      | HP: 4/60 [hornet (6)]
  7919 | D:7      | Paralysed by a hornet for 3 turns
  7920 | D:7      | Succumbed to a hornet's poison

Vanquished Creatures
  Pikel (D:7)
  Grinder (D:5)
  A water moccasin (D:6)
  2 black bears
  An ice beast (D:6)
  An ogre (D:5)
  A centaur (D:7)
  A phantom (D:5)
  5 kobold brigands (Sewer)
  2 bullfrogs
  A scorpion (D:6)
  3 necrophages
  9 wights
  2 howler monkeys (D:7)
  6 hounds
  2 jellies
  An orc priest (D:5)
  3 iguanas
  2 orc wizards
  7 gnolls
  6 adders
  2 river rats
  2 ufetubi
  4 worms
  3 dart slugs
  12 orcs
  7 endoplasms
  5 giant cockroaches
  8 goblins
  11 hobgoblins
  3 jackals (D:2)
  8 kobolds
  2 quokkas
  12 ball pythons
  11 bats
  3 frilled lizards
  12 rats
163 creatures vanquished.

Vanquished Creatures (others)
  6 plants (D:7)
  3 withered plants (D:7)
9 creatures vanquished.

Grand Total: 172 creatures vanquished
